 Dungeon Crawl Stone Soup version 0.29-a0-378-gc08b2e8bf8 (webtiles) character file.

Game seed: 12327651567249197127

4657 swappor the Fighter (level 10, -11/103 HPs)
             Began as a Minotaur Berserker on May 4, 2022.
             Was a High Priest of Trog.
             Mangled by an orc warlord
             ... wielding a +0 battleaxe
              (19 damage)
             ... in a bailey on May 5, 2022.
             The game lasted 00:25:45 (8536 turns).

swappor the Fighter (Minotaur Berserker)            Turns: 8536, Time: 00:25:45

Health: -11/103    AC:  9    Str: 26    XL:     10   Next: 20%
Magic:  0/18       EV:  9    Int:  6    God:    Trog [*****.]
Gold:   498        SH:  0    Dex: 11    Spells: 9/9 levels left

rFire   . . .      SeeInvis .   l - +6 dagger "Beetleslayer" {vamp, rPois Will+ Str+3 Stlth+}
rCold   . . .      Faith    .   (no shield)
rNeg    . . .      Spirit   +   b - +0 chain mail
rPois   +          Reflect  .   (helmet restricted)
rElec   .          Harm     .   (no cloak)
rCorr   .          Rampage  .   e - +0 pair of gloves
Will    +....                   (no boots)
Stlth   ..........              k - amulet of guardian spirit
HPRegen 0.27/turn               h - ring of magical power {MP+9}
MPRegen 0.16/turn               (no ring)

@: no status effects
A: horns 2, retaliatory headbutt
a: Renounce Religion, Berserk, Trog's Hand, Brothers in Arms


You were in a bailey.
You worshipped Trog.
Trog was extremely pleased with you.
You visited 1 branch of the dungeon, and saw 8 of its levels.
You also visited: Ossuary and Bailey.

You collected 498 gold pieces.

Inventory:

Hand Weapons
 l - the +6 dagger "Beetleslayer" (weapon) {vamp, rPois Will+ Str+3 Stlth+}
   (You found it on level 3 of the Dungeon)

   It occasionally heals its wielder for a portion of the damage dealt when it
   wounds a living foe.
   Str:       It affects your strength (+3).
   rPois:     It protects you from poison.
   Will:      It increases your willpower.
   Stlth:     It makes you more stealthy.
Armour
 b - a +0 chain mail (worn)
   (You found it on level 2 of the Dungeon)
 e - a +0 pair of gloves (worn)
   (You found it on level 1 of the Dungeon)
Jewellery
 h - a ring of magical power (left hand) {MP+9}
   (You found it on level 6 of the Dungeon)
 k - an amulet of guardian spirit (around neck)
   (You found it on level 3 of the Dungeon)
Wands
 j - a wand of polymorph (2)
   (You took it off Pikel on level 6 of the Dungeon)
 p - a wand of paralysis (23)
   (You found it on level 7 of the Dungeon)
 q - a wand of flame (20)
   (You found it on level 6 of the Dungeon)
Scrolls
 a - a scroll of noise {!r}
 d - a scroll of enchant weapon {unknown}
 g - a scroll of fog
 i - a scroll of blinking {unknown}
 m - a scroll of enchant armour {unknown}
 n - a scroll of vulnerability {unknown}
 o - a scroll of poison {unknown}
 s - a scroll of fear {unknown}
 u - a scroll of summoning {unknown}
 v - a scroll of identify {@r1}
 w - a scroll of magic mapping {unknown}
 Y - a scroll of teleportation {@r3}
Potions
 c - 2 potions of attraction {!q}
 H - 2 potions of haste
 J - a potion of curing {@q1}
 L - 2 potions of flight
 M - 3 potions of magic
 N - 4 potions of heal wounds {@q2}
 P - 4 potions of lignification {!q}
 T - 2 potions of berserk rage {!q}


   Skills:
 + Level 14.0 Fighting
 - Level 10.0 Short Blades
 - Level 5.2 Axes
 - Level 2.4 Armour
 - Level 2.1 Dodging


You had 9 spell levels left.
You didn't know any spells.
Your spell library was empty.

Dungeon Overview and Level Annotations

Branches:
Dungeon (8/15)             Temple (0/1) D:6         Ossuary (visited)
 Bailey (1/1)
   Lair: D:8-11

Altars:
Ashenzari
Fedhas
Vehumet

Shops:
D:3 !   D:7 *


Innate Abilities, Weirdness & Mutations

You have a pair of horns on your head.
You reflexively headbutt those who attack you in melee.


Message History

You hit the orc warrior but do no damage.
The orc warrior hits you with a +0 war axe.
You take 2 damage, and have 69/102 hp.
You hit the orc warrior.
The orc warlord roars a battlecry!
The orc warrior goes into a battle-frenzy!
The orc warrior closely misses you.
You feel very mighty all of a sudden.
The orc warrior hits you with a +0 war axe!!
You take 22 damage, and have 48/102 hp.
MASSIVE DAMAGE!!
You now have 10/18 mp.
You barely miss the orc warrior.
The orc warrior hits you with a +0 war axe!!
You take 15 damage, and have 33/102 hp.
You now have 6/18 mp.
You closely miss the orc warrior. You puncture the orc warrior!
You feel better.
Your headbutt misses the orc warrior.
The orc warrior hits you with a +0 war axe!!
* * * LOW HITPOINT WARNING * * *
You take 12 damage, and have 21/102 hp.
You now have 3/18 mp.
You hit the orc warrior.
You feel better.
You closely miss the orc warrior.
The orc warrior hits you with a +0 war axe.
* * * LOW HITPOINT WARNING * * *
You take 6 damage, and have 16/102 hp.
You puncture the orc warrior! Your headbutt misses the orc warrior.
You hit the orc warrior.
You feel better.
You headbutt the orc warrior.
You kill the orc warrior!
Trog accepts your kill.
Your Fighting skill increases to level 14!
You feel yourself speed up.
There is an open door here.
Things that are here:
a +0 hand axe; a +0 leather armour; a ring of wizardry {Wiz+, !d}
There is an open door, spattered with blood here.
Items here: )))))))) [[[[[[[[ ÷÷÷÷÷÷.
There is an open door, spattered with blood here.
Items here: )))))) [[[[[[ ÷÷÷÷÷.
Things that are here:
a +0 hand axe; a +0 leather armour; a goblin skeleton Your extra speed is starting to run out.
There is an open door, spattered with blood here.
Items here: ))) [[[ ÷.
You feel yourself slow down.
You feel a little less mighty now.
There is an open gate here.
You start resting.
Health restored: 103; MP restored: 18
There is an open gate here.
The orc warlord shouts!
There is an open door, spattered with blood here.
Items here: ))) [[[.
Unknown command.
The orc warlord hits you with a +0 battleaxe!!
You take 17 damage, and have 86/103 hp.
You now have 15/18 mp.
You hit the orc warlord.
You feel better.
You headbutt the orc warlord.
You hit the orc warlord but do no damage.
You headbutt the orc warlord, but do no damage.
The orc warlord hits you with a +0 battleaxe.
You take 3 damage, and have 84/103 hp.
You now have 14/18 mp.
You hit the orc warlord but do no damage.
You hit the orc warlord but do no damage.
You headbutt the orc warlord.
The orc warlord hits you with a +0 battleaxe!
You take 14 damage, and have 70/103 hp.
You now have 11/18 mp.
You hit the orc warlord. You hit the orc warlord.
You feel better.
The orc warlord hits you with a +0 battleaxe!
You take 5 damage, and have 66/103 hp.
You now have 10/18 mp.
You hit the orc warlord but do no damage.
Unknown command.
You hit the orc warlord but do no damage.
The orc warlord hits you with a +0 battleaxe!!
You take 25 damage, and have 41/103 hp.
MASSIVE DAMAGE!!
You now have 6/18 mp.
Here: an orc warlord, wielding a +0 battleaxe and wearing a +0 chain mail (lightly wounded)
A fountain of clear blue water.
You puncture the orc warlord! You puncture the orc warlord!
You feel better.
The orc warlord hits you with a +0 battleaxe!!
* * * LOW HITPOINT WARNING * * *
You take 21 damage, and have 20/103 hp.
MASSIVE DAMAGE!!
You now have 3/18 mp.
You completely miss the orc warlord. Your headbutt misses the orc warlord.
You hit the orc warlord but do no damage.
You headbutt the orc warlord! The orc warlord closely misses you.
You completely miss the orc warlord.
You headbutt the orc warlord, but do no damage.
You hit the orc warlord but do no damage.
You headbutt the orc warlord.
The orc warlord hits you with a +0 battleaxe!
* * * LOW HITPOINT WARNING * * *
You take 13 damage, and have 8/103 hp.
You now have 1/18 mp.
You completely miss the orc warlord. Your headbutt misses the orc warlord.
You hit the orc warlord.
The orc warlord hits you with a +0 battleaxe!!
You die...

##.......## #.........#
##.........##
#######.....⌠..)..###
##.....##.........##..
#.......)........))...
##.......##.......##)..
#.........#.......#....
##.....@...##.....##....
#.....o.....#######.....
##.........##.....##....
#.........#}......#....
##.......##.......##...
#.......#.........#...
##).)..##.........##..
##)####....)......###
##..)..##.........##..


You could see an orc warlord.

Vanquished Creatures
  Pikel (D:6)
  Sigmund (D:4)
  A steam dragon (D:5)
  Menkaure (D:4)
  A water moccasin (D:6)
  10 orc warriors
  2 ice beasts
  2 sky beasts (D:7)
  3 black bears
  2 centaurs (D:7)
  4 lemures (D:5)
  A phantom (D:6)
  A kobold brigand (D:6)
  4 scorpions
  4 water moccasin zombies (Ossuary)
  3 wights (D:8)
  9 killer bees
  2 howler monkeys (D:6)
  4 hounds
  A jelly (D:4)
  4 orc priests (D:7)
  2 orc wizards (D:7)
  2 mummies (Ossuary)
  8 gnolls
  8 adders
  3 white imps
  An ufetubus (D:6)
  7 adder zombies (Ossuary)
  3 worms
  2 dart slugs
  33 orcs
  10 ball pythons
  6 bats
  4 endoplasms
  5 giant cockroaches
  9 gnoll zombies (Ossuary)
  17 goblins
  15 hobgoblins
  4 jackals (D:2)
  17 kobolds
  7 quokkas
  6 frilled lizards
  4 hobgoblin zombies (Ossuary)
  5 kobold zombies (Ossuary)
  3 orc zombies (Ossuary)
  7 rats
249 creatures vanquished.

Vanquished Creatures (others)
  An orc (D:6)
1 creature vanquished.

Grand Total: 250 creatures vanquished

Notes
Turn   | Place    | Note
-------+----------+-------------------------------------------
     0 | D:1      | swappor the Minotaur Berserker began the quest for the Orb.
     0 | D:1      | Reached XP level 1. HP: 19/19 MP: 0/0
   110 | D:1      | Reached skill level 4 in Fighting
   110 | D:1      | Reached skill level 4 in Axes
   135 | D:1      | Reached XP level 2. HP: 21/27 MP: 1/1
   758 | D:1      | Reached ** piety under Trog
   924 | D:1      | Reached XP level 3. HP: 34/34 MP: 2/2
  1533 | D:2      | Reached XP level 4. HP: 30/41 MP: 3/3
  1694 | D:2      | Reached skill level 5 in Fighting
  1795 | D:2      | Reached skill level 5 in Axes
  1985 | D:2      | Found a faded altar of an unknown god.
  2611 | D:3      | Identified the +6 dagger "Beetleslayer" {vamp, rPois Will+
                  | Str+3 Stlth+}
  2666 | D:3      | Reached *** piety under Trog
  2679 | D:3      | Found a blossoming altar of Fedhas.
  2891 | D:3      | Found Tamaule's Distillery.
  2892 | D:3      | Reached skill level 1 in Short Blades
  3123 | D:4      | Reached XP level 5. HP: 43/48 MP: 4/4
  3149 | D:4      | Reached skill level 2 in Short Blades
  3218 | D:4      | Reached skill level 3 in Short Blades
  3222 | D:4      | Noticed a black bear
  3233 | D:4      | Noticed Menkaure
  3242 | D:4      | Killed Menkaure
  3243 | D:4      | Reached skill level 6 in Fighting
  3243 | D:4      | Reached skill level 4 in Short Blades
  3243 | D:4      | Reached XP level 6. HP: 31/57 MP: 3/5
  3260 | D:4      | Noticed Sigmund
  3266 | D:4      | Killed Sigmund
  3267 | D:4      | Reached skill level 5 in Short Blades
  3267 | D:4      | Reached XP level 7. HP: 58/64 MP: 4/6
  3284 | D:4      | Found a sand-covered staircase.
  3289 | Ossuary  | Entered an ossuary
  3359 | Ossuary  | Reached **** piety under Trog
  3385 | Ossuary  | Reached skill level 7 in Fighting
  3420 | Ossuary  | Reached skill level 6 in Short Blades
  3870 | D:5      | Entered Level 5 of the Dungeon
  3941 | D:5      | Reached skill level 7 in Short Blades
  3941 | D:5      | Reached XP level 8. HP: 72/74 MP: 7/7
  4086 | D:5      | Reached skill level 8 in Fighting
  4248 | D:5      | Reached skill level 8 in Short Blades
  4369 | D:5      | Found a radiant altar of Vehumet.
  4564 | D:5      | Found a broken altar of Ashenzari.
  4652 | D:6      | Noticed Pikel
  4790 | D:5      | Reached ***** piety under Trog
  4998 | D:6      | Killed Pikel
  4999 | D:6      | Reached skill level 9 in Fighting
  4999 | D:6      | Reached skill level 9 in Short Blades
  4999 | D:6      | Reached XP level 9. HP: 44/83 MP: 3/8
  5076 | D:6      | Reached skill level 10 in Short Blades
  5361 | D:6      | Found a staircase to the Ecumenical Temple.
  5544 | D:6      | Reached skill level 10 in Fighting
  6105 | D:7      | Found Nuniucv Ofee's Assorted Antiques.
  6209 | D:7      | Reached skill level 11 in Fighting
  6624 | D:7      | Reached skill level 12 in Fighting
  7627 | D:8      | Found a flagged portal.
  7636 | Bailey   | Entered a bailey
  7713 | Bailey   | Reached skill level 13 in Fighting
  7819 | Bailey   | Reached XP level 10. HP: 64/100 MP: 6/9
  7868 | Bailey   | HP: 36/151 [orc warrior/+0 war axe (13)]
  7986 | Bailey   | Noticed an orc warlord
  8013 | Bailey   | HP: 25/101 [hobgoblin/+0 hand axe (5)]
  8059 | Bailey   | HP: 21/101 [orc warrior/+0 hand axe (9)]
  8065 | Bailey   | HP: 14/101 [goblin/+0 hand axe (2)]
  8078 | Bailey   | HP: 17/102 [orc/+0 war axe (4)]
  8171 | Bailey   | HP: 21/102 [orc warrior/+0 war axe (16)]
  8176 | Bailey   | Reached skill level 14 in Fighting
  8530 | Bailey   | HP: 20/103 [orc warlord/+0 battleaxe (25)]
  8534 | Bailey   | HP: 8/103 [orc warlord/+0 battleaxe (13)]
  8536 | Bailey   | Mangled by an orc warlord

Illustrated notes

Levels and vault maps discovered:
D:1:      lightli_molten_gateway, layout_basic
D:2:      layout_loops_ring, basic_ecumenical_altar, minmay_indecisive_spiral
D:3:      layout_basic, mainiacjoe_overflow_alcove_1, serial_shops,
          nicolae_shop_trees, kennysheep_potato
D:4:      layout_rooms, nicolae_ossuary_entry_plus, minmay_distorted,
          uniq_menkaure, uniq_sigmund
D:5:      layout_basic, kennysheep_mini_moat, nicolae_overflow_hidden_temple
D:6:      lemuel_ice_spiral_2, layout_basic, minmay_temple_entry_slanted,
          uniq_pikel
D:7:      layout_loops_corners, serial_shops, nicolae_shop_stone
D:8:      layout_gridville, nicolae_overflow_crystal_walls,
          gammafunk_temple_overflow_claw, enter_bailey_6, uniq_maurice
Bailey:   bailey_axe_minmay_hex_keep, bailey

Skill      XL: |  1  2  3  4  5  6  7  8  9 10 |
---------------+-------------------------------+-----
Fighting       | 4 5 6 7 9 13 14 | 14.0
Axes           | 4 5 |  5.2
Short Blades   | 1 4 5 7 9 10 | 10.0
Armour         | |  2.4
Dodging        | |  2.1

Action                   |  1- 3 |  4- 6 |  7- 9 | 10-12 || total
-------------------------+-------+-------+-------+-------++-------
Melee: Hand axe          |   112 |    46 |       |       ||   158
       Headbutt          |    17 |    24 |   117 |    17 ||   175
       Punch             |     2 |       |     5 |     2 ||     9
       Dagger            |       |    60 |   574 |   139 ||   773
Throw: Stone             |     2 |       |       |       ||     2
Invok: Berserk           |       |     1 |       |       ||     1
       Trog's Hand       |       |     1 |       |       ||     1
  Use: Scroll            |     1 |     1 |    12 |     2 ||    16
       Potion            |       |       |     1 |     5 ||     6
Armor: Animal skin       |    11 |       |       |       ||    11
       Chain mail        |    22 |    43 |   141 |    11 ||   217
       Skin              |       |       |     6 |    31 ||    37
Dodge: Dodged            |    55 |    39 |   162 |    21 ||   277

Table legend: (Time is in decaauts)
 A = Elapsed time spent in this place.
 B = Non-inter-level travel time spent in this place.
 C = Inter-level travel time spent in this place.
 D = Time resting spent in this place.
 E = Time spent auto-exploring this place.
 F = Levels seen in this place.
 G = Mean time per level.
                   A        B        C        D        E       F      G
               +--------+--------+--------+--------+--------+-----+--------+
         Total |   8186 |   7841 |    345 |    604 |   5162 |  10 |  818.6 |
       Dungeon |   7232 |   6887 |    345 |    226 |   5162 |   8 |  904.0 |
       Ossuary |    210 |    210 |      0 |     10 |      0 |   1 |  210.0 |
        Bailey |    743 |    743 |      0 |    368 |      0 |   1 |  743.0 |
               +--------+--------+--------+--------+--------+-----+--------+

Top non-repeatable levels by time:
     D:7: 1437 daAuts
     D:1: 1244 daAuts
     D:2: 1070 daAuts
     D:5: 1046 daAuts
     D:6: 961 daAuts
     D:3: 800 daAuts
  Bailey: 743 daAuts
     D:4: 522 daAuts
 Ossuary: 210 daAuts
     D:8: 150 daAuts

Table legend:
 A = Kills in this place as a percentage of kills in entire the game.
 B = Kills by you in this place as a percentage of kills by you in the entire game.
 C = Kills by friends in this place as a percentage of kills by friends in the entire game.
 D = Other kills in this place as a percentage of other kills in the entire game.
 E = Experience gained in this place as a percentage of experience gained in the entire game.
 F = Experience gained in this place divided by the number of levels of this place that you have seen.
                   A       B       C       D       E      F
               +-------+-------+-------+-------+-------+----------------------
         Total | 100.0 | 100.0 |   N/A |   N/A | 100.0 | 665.3
       Dungeon |  68.6 |  68.6 |   N/A |   N/A |  73.9 | 614.5
       Ossuary |  13.9 |  13.9 |   N/A |   N/A |   6.2 | 410.0
        Bailey |  17.6 |  17.6 |   N/A |   N/A |  19.9 | 1327.0
               +-------+-------+-------+-------+-------+----------------------
